 Seeded DCSS version 0.30.0-30-g96aa6591b8 (webtiles) character file.

Game seed: 2437440760762960966 (custom seed)

9 CInkIbrahim the Slasher (level 2, 22/22 HPs)
             Began as a Demonspawn Gladiator on June 29, 2023.
             Quit the game on level 1 of the Dungeon.
             The game lasted 00:00:11 (226 turns).

CInkIbrahim the Slasher (Demonspawn Gladiator)       Turns: 226, Time: 00:00:12

Health: 22/22      AC:  4    Str: 14    XL:     2   Next: 3%
Magic:  2/2        EV: 12    Int:  9    God:
Gold:   0          SH:  4    Dex: 14    Spells: 1/1 levels left

rFire   . . .        a - +0 long sword
rCold   . . .        (no shield)
rNeg    . . .        b - +0 leather armour
rPois   .            c - +0 helmet
rElec   .            (no cloak)
rCorr   .            (no gloves)
SInv    .            (no boots)
Will    .....        (no amulet)
Stlth   +            (no ring)
HPRegen 0.23/turn    (no ring)
MPRegen 0.08/turn

%: no passive effects
@: no status effects
A: condensation shield
a: no special abilities


You were on level 1 of the Dungeon.
You visited 1 branch of the dungeon, and saw 1 of its levels.

Inventory:

Hand Weapons
 a - a +0 long sword (weapon)
Missiles
 d - 3 throwing nets (quivered)
 e - a javelin
Armour
 b - a +0 leather armour (worn)
 c - a +0 helmet (worn)
Potions
 f - 2 potions of curing {unknown}


   Skills:
 - Level 2.0 Fighting
 + Level 3.2 Long Blades
 - Level 1.7 Throwing
 - Level 2.6 Dodging


You had one spell level left.
You didn't know any spells.
Your spell library contained the following spells:

 Spells                   Type           Power      Damage    Failure   Level
 Scorch                   Fire           0%         2d5       61%         2
 Flame Wave               Conj/Fire      0%         2d4       99%         4
 Summon Cactus Giant      Summ           0%         N/A       100%        6


Dungeon Overview and Level Annotations

Branches:
Dungeon (1/15)

Altars:


Innate Abilities, Weirdness & Mutations

A meltable shield of frost defends you. (SH +4)


Message History

No target in view!
A frilled lizard comes into view.
The frilled lizard hisses angrily.
A frilled lizard is nearby!
A frilled lizard is nearby!
You hit the frilled lizard.
You kill the frilled lizard!
You see here a frilled lizard corpse.
A kobold and a ball python come into view.
The kobold shouts!
The ball python hisses angrily.
There are monsters nearby!
The ball python bites you but does no damage.
The ball python barely misses you.
There are monsters nearby!
You closely miss the ball python.
The ball python bites you but does no damage.
The ball python barely misses you. The ball python bites you.
The ball python grabs you. The ball python constricts you.
There are monsters nearby!
You barely miss the ball python. The ball python bites you.
The ball python constricts you.
There are monsters nearby!
You slash the ball python!
You kill the ball python!
The kobold completely misses you.
A kobold is nearby!
You slash the kobold!
You kill the kobold!
HP restored.
You see here a ball python corpse.
You see here a +0 pair of gloves.
A ball python comes into view.
The ball python hisses angrily.
A ball python is nearby!
You slash the ball python!
You kill the ball python!
You have reached level 2!
Your demonic ancestry asserts itself...
Frost condenses into a shield before you.
Are you sure you want to abandon this character and quit the game? (Confirm with "yes".)

###########
#.........#
#.#######.########
#.# #......... #@#
########## #...#
..# # #.....# #.#
# #.......# #.## #
#......#.# #.####
#........# #.....
#..#.###.# ##.#...
#..### #.#
##......
#.###.##....


There were no monsters in sight!

Vanquished Creatures
  2 ball pythons (D:1)
  2 bats (D:1)
  An endoplasm (D:1)
  A goblin (D:1)
  A frilled lizard (D:1)
  A kobold (D:1)
8 creatures vanquished.

Notes
Turn   | Place    | Note
-------+----------+-------------------------------------------
     0 | D:1      | CInkIbrahim the Demonspawn Gladiator began the quest for
                  | the Orb.
     0 | D:1      | Reached XP level 1. HP: 16/16 MP: 1/1
    46 | D:1      | Reached skill level 3 in Long Blades
   226 | D:1      | Gained mutation: A meltable shield of frost defends you.
                  | (SH +4) [demonic ancestry]
   226 | D:1      | Reached XP level 2. HP: 22/22 MP: 2/2
   226 | D:1      | Quit the game

Illustrated notes

Levels and vault maps discovered:
D:1:      onia_arrival_handbag, layout_loops_ring

Skill      XL: |  1 |
---------------+----+-----
Long Blades    | 3 |  3.2
Fighting       | |  2.0
Throwing       | |  1.7
Dodging        | |  2.6

Action                     || total
---------------------------++-------
  Melee: Long sword        ||    17
 Armour: Leather armour    ||     5
  Dodge: Dodged            ||    16
